 Dungeon Crawl Stone Soup version 0.14-a0-2810-g474977d (webtiles) character file.

302857 Psiweapon the Pulveriser (level 21, -9/147 HPs)
             Began as a Gargoyle Gladiator on Feb 23, 2014.
             Was a High Priest of Okawaru.
             Killed from afar by a deep elf sorcerer (36 damage)
             ... with a blast of hellfire
             ... on Level 3 of the Elven Halls on Feb 25, 2014.
             The game lasted 09:29:33 (64666 turns).

Psiweapon the Pulveriser (Gargoyle Gladiator)      Turns: 64666, Time: 09:29:34

HP  -9/147       AC 49     Str 28      XL: 21   Next: 41%
MP  35/35        EV 11     Int  6 (11) God: Okawaru [*****.]
Gold 1070        SH 14     Dex 10      Spells:  0 memorised, 20 levels left

rFire  + . .     SeeInvis .     Z - +7,+6 flail "Suewn" {holy, MR++}
rCold  + + +     Clarity  .     S - +5 ice dragon armour "Gaqoaped" {rF- rC++ Int+3 Dam+5}
rNeg   + . .     Conserve +     e - +2 buckler {rC+ rF+}
rPois  +         rCorr    +     v - +2 hat
rElec  +         rRot     +     i - +2 cloak {rCorr, Cons}
SustAb . .       Spirit   .     Q - +2 pair of gloves
rMut   .         Warding  .     t - +3 pair of boots of Liarurir {Str+2 Int-4}
Saprov . . .     Stasis   +     g - amulet of stasis
MR     ++++.                    Y - ring of the Sunfish {Hunger- rF+}
                                s - ring of protection from magic

@: flying, incredibly resistant to hostile enchantments, extremely unstealthy
A: large and strong wings, life protection 1, electricity resistance,
unbreathing, petrification resistance, AC +15
a: Stop Flying, Heroism, Finesse, Renounce Religion
}: 1/15 runes: gossamer


You were on level 3 of the Elven Halls.
You worshipped Okawaru.
Okawaru was extremely pleased with you.
You were not hungry.

You visited 9 branches of the dungeon, and saw 45 of its levels.
You visited the Abyss 1 time.
You visited 1 bazaar.

You collected 4434 gold pieces.
You spent 3364 gold pieces at shops.

Inventory:

Hand weapons
 L - a +7,+6 lajatang of speed
 O - the +9,+0 quarterstaff of Okawaru's Wrath {crush, +Rage SInv}
   (Okawaru gifted it to you on level 2 of the Swamp)

   It inflicts extra damage upon your enemies.
   It enhances your eyesight.
   It lets you go berserk.
 Z - the +7,+6 flail "Suewn" (weapon) {holy, MR++}
   (You found it on level 3 of the Lair of Beasts)

   It has been blessed by the Shining One to cause great damage to the undead
   and demons.
   It affects your resistance to hostile enchantments.
Armour
 e - a +2 buckler of resistance (worn)
 i - a +2 cloak of preservation (worn)
 t - the +3 pair of boots of Liarurir (worn) {Str+2 Int-4}
   (Okawaru gifted it to you on level 14 of the Dungeon)

   It affects your strength (+2).
   It affects your intelligence (-4).
 v - a +2 hat (worn)
 Q - a +2 pair of gloves (worn)
 S - the cursed +5 ice dragon armour "Gaqoaped" (worn) {rF- rC++ Int+3 Dam+5}
   (Okawaru gifted it to you on level 1 of the Vaults)

   It affects your intelligence (+3).
   It affects your damage with ranged weapons and melee attacks (+5).
   It makes you vulnerable to fire.
   It greatly protects you from cold.
   It has a curse placed upon it.
Magical devices
 q - a wand of fireball (2)
 y - a wand of polymorph (5)
 E - a wand of paralysis (4)
 F - a wand of cold (8)
 N - a wand of slowing (15)
 P - a wand of fireball (4)
 R - a wand of cold (10)
 X - a wand of confusion (6)
Comestibles
 f - 6 bread rations
Scrolls
 c - 2 scrolls of immolation
 m - 2 scrolls of identify
 n - 2 scrolls of fog
 o - a scroll of vulnerability
 p - 5 scrolls of remove curse
 u - 3 scrolls of fear
 x - 3 scrolls of blinking
Jewellery
 a - an uncursed amulet of resist mutation
 d - an uncursed ring of sustain abilities
 g - an amulet of stasis (around neck)
 r - an uncursed ring of teleportation
 s - a ring of protection from magic (left hand)
 C - an uncursed amulet of guardian spirit
 G - an uncursed ring of teleport control
 I - an uncursed amulet of clarity
 M - an uncursed ring of protection from cold
 U - an uncursed amulet of resist corrosion
 Y - the ring of the Sunfish (right hand) {Hunger- rF+}
   (You bought it in a shop on level 12 of the Dungeon)

   [ring of sustenance]

   It protects you from fire.
Potions
 h - 8 potions of curing
 j - 3 potions of might
 l - 3 potions of speed
 w - a potion of restore abilities
 z - 3 potions of brilliance
 K - a potion of agility
 V - 3 potions of invisibility
 W - a potion of resistance
Miscellaneous
 b - a fan of gales
 J - a lamp of fire (inert)
 T - a fan of gales
Rods
 k - a +4 rod of destruction (14/14)
   (You took it off a deep elf sorcerer on level 3 of the Elven Halls)
 A - a +0 rod of demonology (10/10)
   (You took it off a vampire mage on level 1 of the Depths)
 B - a +8 rod of destruction (3/15)
   (You acquired it on level 2 of the Lair of Beasts)
 D - a +4 rod of fiery destruction (12/12)
   (You acquired it on level 2 of the Lair of Beasts)


   Skills:
 - Level 20.6 Fighting
 + Level 14.0 Maces & Flails
 - Level 21.0 Staves
 - Level 2.0 Throwing
 - Level 14.4 Armour
 - Level 7.8 Dodging
 + Level 9.1 Shields
 - Level 7.0 Invocations
 - Level 14.2 Evocations


You had 20 spell levels left.
You didn't know any spells.

Dungeon Overview and Level Annotations

Branches:
Dungeon (16/16)            Temple (1/1) D:5             Orc (4/4) D:11
    Elf (3/3) Orc:3          Lair (8/8) D:10          Swamp (4/5) Lair:3
 Spider (5/5) Lair:4        Slime (0/6) Lair:8       Vaults (3/5) D:15
  Crypt (0/5) Vaults:3     Depths (1/6) D:16
  Blade: Vaults:3-4

Altars:
Ashenzari
Cheibriados
Dithmenos
Elyvilon
Fedhas
Kikubaaqudgha
Makhleb
Nemelex Xobeh
Okawaru
Sif Muna
Trog
Vehumet
Xom
Yredelemnul
Zin
The Shining One
Beogh

Shops:
D:6 =   D:12 =   Orc:1 :[}   Orc:2 =   Orc:3 [   Orc:4 ([:%   Elf:3 ?

Portals:
Hell: Depths:1
Abyss: Depths:1
Pandemonium: Depths:1

Annotations:
D:2 Sigmund
D:11 exclusion: downstairs
D:16 exclusion: Roxanne, Roxanne
Elf:3 1 exclusion
Lair:6 Erica
Swamp:2 exclusion: downstairs
Swamp:3 TENTACLED MONSTROSITY !!!!!!!!!!!!!!!
Vaults:1 1 exclusion


Innate Abilities, Weirdness & Mutations

You are resistant to torment.
You are immune to poison.
You can fly continuously.
Your stone body is very resilient (AC +15).
Your wings are large and strong.
You resist negative energy.
You are resistant to electric shocks.
You can survive without breathing.
You are immune to petrification.


Message History

You block the jumping spider's attack.
The jumping spider bites you but does no damage.
There is a large open door here.
Drink which item? (? for menu, Esc to quit)
This potion can't work under stasis.
You see here a long sword.
You reach down and close the large door.
A deep elf sorcerer opens the large door.
Evoke which item? (* to show all) (? for menu, Esc to quit)
Aim the lamp in which direction?
Press: ? - help, Dir - move target cursor, f - deep elf sorcerer
Aim: a deep elf sorcerer, wielding a shimmering flail and wearing an elven scale mail (lightly wounded, moving very quickly)
The flames dance!
The trail of fire hits the deep elf sorcerer.
The deep elf sorcerer is moderately wounded.
The trail of fire misses the jumping spider.
The deep elf sorcerer is engulfed in roaring flames.
The deep elf sorcerer gestures at you while chanting.
The hellfire explodes!
The blast of hellfire engulfs you!
You die...

#)((.................
#.##.##.##.##.##.###.
#[##.##.##.##.##.# #. *****
###'##.##.##.##.##.# #. **,..**
##....#.##.##.##.##.# #.
*,,...*##.....#.##.##.##.##.# #.
*,.....#......#.##.##.##.##.###.
*,............'[...##.........#.
*,...........s§@.........##.....
*,........§§§e###......####..##.
**......E§E§.s[######### #..##.
**###########)# ###### *** #r#
*** **,*** ###r### ***,***
,,,,,** ##).e..## **,,,,,**
,,,,,,***###.......###***,,,,,,,*
,,,,,,,,*#...........#*,,,,,,,,,,


You could see a deep elf sorcerer, a jumping spider and 2 friendly fire
elementals.

Vanquished Creatures
  Norris (Elf:2)
  A profane servitor (Abyss:1)
  A bone dragon (Abyss:1)
  Arachne (Spider:3)
  A tentacled monstrosity (Swamp:3)
  Asterion (Spider:2)
  2 deep elf blademasters (Elf:3)
  A sphinx (Vaults:3)
  6 tentacled starspawn (Abyss:1)
  Agnes (Spider:2)
  Kirke (Swamp:1)
  2 thorn hunters
  A tengu reaver (D:14)
  2 frost giants
  Wiglaf (Swamp:2)
  4 deep elf sorcerers (Elf:3)
  Maud (Lair:6)
  A fire giant (D:15)
  Donald (Spider:2)
  2 ghost moths (Spider:5)
  Aizul (Swamp:2)
  Louise (Spider:2)
  5 vault wardens
  An orc warlord (Orc:4)
  Jorgrun (Swamp:2)
  4 emperor scorpions (Spider:5)
  2 stone giants
  3 deep elf annihilators (Elf:3)
  Azrael (Spider:3)
  An unborn (Vaults:3)
  The ghost of Badjas the Protected, a powerful MiBe of Trog (D:13)
  Snorg (Spider:4)
  A mummy priest (Depths:1)
  A deep elf death mage (Elf:3)
  An ironheart preserver (Vaults:2)
  6 yaktaur captains
  5 deep elf high priests (Elf:3)
  5 fire dragons
  9 vault guards
  17 hydras
  An ice dragon (Vaults:2)
  4 shambling mangroves
  5 ogre magi
  2 deep troll shamans (Depths:1)
  4 death yaks (Lair:7)
  A deep dwarf death knight (Vaults:3)
  2 rakshasas (Depths:1)
  7 alligators
  2 vampire magi (Depths:1)
  2 very ugly things
  Nessos (D:16)
  A soul eater (Abyss:1)
  2 sun demons (Elf:3)
  20 centaur warriors
  Urug (D:12)
  8 orc high priests
  4 thrashing horrors (Abyss:1)
  The ghost of agentgt the Spear-Bearer, an experienced FoAK of Lugonu (D:10)
  Nergalle (D:16)
  12 skeletal warriors
  A shadow wraith (Vaults:3)
  2 wretched stars (Abyss:1)
  7 large abominations (Abyss:1)
  12 deep elf knights
  5 unseen horrors
  A storm dragon skeleton (Abyss:1)
  A flayed ghost (Vaults:1)
  2 deep trolls (Depths:1)
  An anaconda zombie (Abyss:1)
  7 orb spiders
  An unseen horror (shapeshifter) (D:15)
  2 ice devils
  2 swamp dragons
  4 harpies (Vaults:2)
  4 orc knights
  2 starcursed masses (Abyss:1)
  A flaming corpse (Abyss:1)
  12 hill giants
  5 deep elf summoners
  An oklob plant (Lair:5)
  2 phantasmal warriors (Abyss:1)
  A necromancer (Abyss:1)
  A removed MONS_GIANT_AMOEBA (D:15)
  8 ironbrand convokers
  7 deep elf conjurers
  8 red wasps
  39 wolf spiders
  2 fire giant zombies (Abyss:1)
  3 griffons
  11 cyclopes
  A cyclops (shapeshifter) (D:15)
  5 orc sorcerers
  7 manticores
  A guardian serpent (shapeshifter) (D:14)
  An octopode (Abyss:1)
  2 removed MONS_SPINY_WORMs
  2 sixfirhies
  2 moths of wrath
  4 vault sentinels
  A guardian serpent (Spider:5)
  2 apocalypse crabs (Abyss:1)
  A queen ant (Lair:6)
  3 orange demons
  3 smoke demons (Abyss:1)
  14 spiny frogs
  3 feature mimics
  3 spriggan druids
  3 black mambas
  2 centaur zombies (D:16)
  31 yaktaurs
  A yaktaur (shapeshifter) (Vaults:2)
  2 efreet
  A fire drake (Lair:7)
  2 hellwings
  5 raiju (Abyss:1)
  A tengu conjurer (D:16)
  A formicid venom mage (Spider:5)
  5 trolls
  A troll (shapeshifter) (D:15)
  2 ancient zymes (Abyss:1)
  22 demonic crawlers
  11 giant fireflies
  40 jumping spiders
  14 spriggans
  A mermaid (shapeshifter) (Spider:3)
  6 komodo dragons
  A queen bee (Spider:5)
  7 deep elf priests
  16 blink frogs
  A hydra zombie (D:10)
  A mermaid (Spider:5)
  6 two-headed ogres
  A freezing wraith (D:15)
  7 baby alligators (Swamp:2)
  Prince Ribbit (D:6)
  62 slime creatures
  3 giant leeches
  2 hydra skeletons (D:12)
  3 spectral orcs (D:16)
  5 boulder beetles
  4 basilisks
  6 bog bodies
  A grizzly bear (shapeshifter) (Elf:3)
  A grizzly bear (Lair:8)
  14 ravens
  4 wraiths
  3 flying skulls (Abyss:1)
  4 vampires
  4 formicids
  An ettin skeleton (Abyss:1)
  A human (Spider:3)
  19 trapdoor spiders
  3 ynoxinuls (Abyss:1)
  26 redbacks
  A hill giant zombie (D:14)
  A fire giant simulacrum (D:16)
  2 shadows
  2 thorn lotuses
  23 deep elf magi
  9 sharks
  36 vampire mosquitoes
  31 ugly things
  Eustachio (D:4)
  15 tarantellas
  A yaktaur simulacrum (Vaults:1)
  2 chaos spawn
  7 fire bats (Abyss:1)
  A golden eye (Spider:5)
  9 hippogriffs
  Grum (D:8)
  2 neqoxecs (Abyss:1)
  2 wyverns
  A golden eye (shapeshifter) (Depths:1)
  31 wolves
  36 yaks
  2 hogs
  2 nagas
  A steam dragon (D:12)
  A fire elemental (Spider:3)
  A hill giant skeleton (D:12)
  17 swamp worms
  31 deep elf fighters
  Edmund (Orc:1)
  3 hungry ghosts
  3 mottled dragons
  4 small abominations (Abyss:1)
  10 soldier ants (Lair:6)
  19 orc warriors
  8 swamp drakes
  A deep dwarf (shapeshifter) (D:8)
  2 kobold demonologists (Depths:1)
  8 porcupines
  6 giant goldfish
  4 hell hounds (Spider:3)
  5 yellow wasps
  3 phantoms
  A dwarf (Orc:2)
  An elf zombie (Elf:3)
  9 black bears
  A black bear (shapeshifter) (D:13)
  An ice beast (D:6)
  6 sky beasts
  13 crocodiles
  27 ogres
  4 rotting devils
  Duvessa (D:6)
  16 wargs
  A boring beetle (Lair:8)
  30 centaurs
  18 giant frogs
  9 giant slugs
  3 brain worms
  17 water moccasins
  2 big kobolds (D:15)
  6 insubstantial wisps (Swamp:1)
  10 agate snails
  2 cyclops skeletons
  A boulder beetle zombie (D:16)
  5 eyes of draining
  A hippogriff zombie (D:9)
  A yak zombie (D:9)
  11 killer bees
  9 wights
  Dowan (D:6)
  12 crimson imps
  2 goliath beetles
  7 hounds
  20 spiders
  2 giant frog zombies (D:6)
  2 centaur skeletons
  9 electric eels
  4 jellies
  Crazy Yiuf (D:4)
  20 orc wizards
  2 quasits (Abyss:1)
  51 worker ants
  16 iguanas
  7 big fish
  4 scorpions
  2 iron imps (Abyss:1)
  5 orange rats
  41 orc priests
  16 sheep
  A brain worm zombie (D:15)
  2 ogre zombies
  Jessica (D:2)
  2 boggarts (Depths:1)
  A mummy (D:9)
  4 gnolls (D:6)
  19 adders
  61 green rats
  A worm zombie (D:8)
  A giant mite (shapeshifter) (D:11)
  6 giant centipedes
  A giant mite (D:8)
  8 white imps
  5 worms
  5 ufetubi
  2 removed
  MONS_GREY_RATs (D:4)
  An adder skeleton (D:4)
  6 giant geckos
  158 orcs
  39 bats
  8 giant cockroaches
  19 hobgoblins
  20 jackals
  19 kobolds
  13 quokkas
  4 giant newts
  A giant spore (D:11)
  24 goblins
  A goblin skeleton (D:4)
  4 illusory rakshasas (Depths:1)
  2 kobold skeletons
  A kobold zombie (D:4)
  An orc skeleton (Orc:4)
  3 orc zombies
  33 rats
  4 ballistomycetes
  7 bushes (Lair:5)
  A butterfly (Lair:2)
  2 plants
2015 creatures vanquished.

Vanquished Creatures (collateral kills)
  A black mamba (Lair:5)
  A blink frog (Lair:5)
  A wolf (Lair:5)
  An orc warrior (Orc:3)
  A jelly (D:8)
  6 white imps (D:11)
  A giant gecko (D:8)
  2 orcs (Orc:3)
  A quokka (Lair:5)
15 creatures vanquished.

Vanquished Creatures (others)
  3 deep elf high priests (Elf:3)
  A komodo dragon (Lair:8)
  A slime creature (D:14)
  A yak (D:15)
  An air elemental (Abyss:1)
  3 humans (Swamp:1)
  A neqoxec (Abyss:1)
  An ogre (Depths:1)
  A troll zombie (Elf:2)
  4 orc priests (Orc:4)
  A big fish (D:15)
  A warg zombie (Elf:2)
  A worker ant (D:4)
  A green rat (Lair:2)
  A worker ant zombie (D:8)
  A giant gecko (Swamp:1)
  5 orcs
  A bat zombie (D:6)
  2 hobgoblins
  3 kobolds (D:4)
  A bat (D:10)
  A giant cockroach zombie (D:6)
  2 giant spores
  A goblin (D:4)
  An orc skeleton (Orc:4)
  A rat zombie (Lair:1)
  A bush (D:15)
  3 fungi
  9 plants
  10 starspawn tentacles (Abyss:1)
  9 starspawn tentacle segments (Abyss:1)
73 creatures vanquished.

Grand Total: 2103 creatures vanquished

Notes
Turn   | Place    | Note
--------------------------------------------------------------
     0 | D:1      | Psiweapon, the Gargoyle Gladiator, began the quest for the Orb.
     0 | D:1      | Reached XP level 1. HP: 12/12 MP: 1/1
   158 | D:1      | Reached XP level 2. HP: 15/17 MP: 2/2
   258 | D:1      | Reached skill level 4 in Staves
   706 | D:2      | Reached XP level 3. HP: 16/21 MP: 3/3
   954 | D:2      | Noticed Jessica
   960 | D:2      | Killed Jessica
   960 | D:2      | Reached skill level 5 in Staves
   974 | D:2      | Reached XP level 4. HP: 26/26 MP: 4/4
  1407 | D:2      | Noticed Sigmund
  2235 | D:4      | Noticed an ogre
  2251 | D:4      | Noticed Eustachio
  2283 | D:4      | Killed Eustachio
  2283 | D:4      | Reached skill level 7 in Staves
  2283 | D:4      | Reached XP level 5. HP: 30/30 MP: 5/5
  2283 | D:4      | Reached XP level 6. HP: 35/35 MP: 6/6
  2498 | D:4      | Found a shimmering altar of Xom.
  2557 | D:4      | Killed an ogre
  2557 | D:4      | Reached skill level 8 in Staves
  3085 | D:4      | Noticed Crazy Yiuf
  3094 | D:4      | Killed Crazy Yiuf
  3094 | D:4      | Reached XP level 7. HP: 35/40 MP: 7/7
  3096 | D:4      | Got an iridescent hammer
  3101 | D:4      | Identified the +8,+2 hammer of Twoyrr {crush, rPois Str+2} (You found it on level 4 of the Dungeon)
  3182 | D:5      | Entered Level 5 of the Dungeon
  3336 | D:5      | Reached skill level 1 in Armour
  3455 | D:5      | Found a staircase to the Ecumenical Temple.
  3473 | Temple   | Entered the Ecumenical Temple
  4166 | D:6      | Reached skill level 9 in Staves
  4177 | D:6      | Reached XP level 8. HP: 43/48 MP: 8/8
  4213 | D:6      | Reached skill level 5 in Fighting
  4221 | D:7      | Found a shattered altar of Ashenzari.
  4438 | D:7      | Found a glowing golden altar of the Shining One.
  4524 | D:7      | Reached skill level 10 in Staves
  4731 | D:7      | Found a shadowy altar of Dithmenos.
  5423 | D:8      | Noticed Grum
  5430 | D:8      | You fall through a shaft for 2 floors!
  5430 | D:10     | Entered Level 10 of the Dungeon
  5430 | D:10     | Noticed a hill giant
  5450 | D:11     | Reached XP level 9. HP: 46/57 MP: 9/9
  5795 | D:9      | Got a bloodstained scimitar
  5801 | D:9      | Identified the +4,+3 scimitar of Skirmishing {pain, rElec rPois Stlth++} (You found it on level 9 of the Dungeon)
  5990 | D:9      | Reached skill level 5 in Armour
  6540 | D:8      | Reached XP level 10. HP: 42/66 MP: 10/10
  7000 | D:8      | Reached skill level 10 in Fighting
  7012 | D:8      | Killed Grum
  7382 | D:6      | Noticed Prince Ribbit
  7400 | D:6      | Killed Prince Ribbit
  7564 | D:6      | Found a sparkling altar of Nemelex Xobeh.
  7717 | D:6      | Found a shimmering altar of Xom.
  7718 | D:6      | Found a sparkling altar of Nemelex Xobeh.
  7727 | D:6      | Found an iron altar of Okawaru.
  7733 | D:6      | Found a radiant altar of Vehumet.
  7733 | D:6      | Found a bloodstained altar of Trog.
  7733 | D:6      | Found a snail-covered altar of Cheibriados.
  7750 | D:6      | Became a worshipper of Warmaster Okawaru
  7794 | D:6      | Found Zodir's Jewellery Emporium.
  7794 | D:6      | Noticed Dowan
  7797 | D:6      | Bought a cursed -5 ring of strength for 24 gold pieces
  7807 | D:6      | Noticed Duvessa
  7814 | D:6      | Killed Duvessa
  7816 | D:6      | Killed Dowan
  8084 | D:9      | Noticed a manticore
  8663 | D:10     | Found a flagged portal.
  8755 | D:10     | Found a staircase to the Lair.
  8769 | Lair:1   | Entered Level 1 of the Lair of Beasts
  8881 | Lair:1   | Reached skill level 11 in Fighting
  8940 | Lair:1   | Acquired Okawaru's first power
  9169 | Lair:1   | Reached XP level 11. HP: 57/75 MP: 8/11
  9411 | Lair:1   | Reached skill level 12 in Fighting
  9723 | Lair:1   | You fall through a shaft!
  9746 | Lair:2   | Reached skill level 10 in Armour
 10278 | Lair:2   | Noticed a seven-headed hydra
 10295 | Lair:2   | Killed a seven-headed hydra
 10295 | Lair:2   | Reached skill level 1 in Evocations
 10579 | Lair:2   | Reached skill level 13 in Fighting
 10726 | Lair:2   | Acquired Okawaru's second power
 11274 | Lair:2   | Reached skill level 1 in Maces & Flails
 11274 | Lair:2   | Reached skill level 1 in Invocations
 11274 | Lair:2   | Reached XP level 12. HP: 84/84 MP: 20/20
 11851 | Lair:3   | Got a steaming flail
 11852 | Lair:3   | Identified the +7,+6 flail "Suewn" {holy, MR++} (You found it on level 3 of the Lair of Beasts)
 11853 | Lair:3   | Gained mutation: You have a pair of small horns on your head. [potion of beneficial mutation]
 11875 | Lair:3   | Noticed a five-headed hydra
 11891 | Lair:3   | Killed a five-headed hydra
 11912 | Lair:3   | Found a staircase to the Swamp.
 11990 | Lair:3   | Found a dark tunnel.
 12708 | Lair:2   | Noticed a four-headed hydra
 12719 | Lair:2   | Killed a four-headed hydra
 12994 | Lair:4   | Reached skill level 5 in Invocations
 13197 | Lair:4   | Found a staircase to the Shoals.
 13422 | Lair:4   | Found a staircase to the Swamp.
 13429 | Lair:4   | the staircase to the Swamp was a mimic.
 13461 | Lair:4   | Found a hole to the Spider Nest.
 13543 | Lair:4   | the staircase to the Shoals was a mimic.
 13681 | Lair:4   | Noticed a five-headed hydra
 13688 | Lair:4   | Killed a five-headed hydra
 13688 | Lair:4   | Received a gift from Okawaru
 14647 | Lair:5   | Noticed a four-headed hydra
 14656 | Lair:5   | Killed a four-headed hydra
 14789 | Lair:5   | Reached skill level 5 in Evocations
 15631 | Lair:6   | Reached XP level 13. HP: 88/88 MP: 24/24
 15981 | Lair:6   | Noticed Maud
 16009 | Lair:6   | Killed Maud
 16011 | Lair:6   | Received a gift from Okawaru
 16276 | Lair:6   | Noticed a seven-headed hydra
 16286 | Lair:6   | Noticed Erica
 16288 | Lair:6   | Killed a seven-headed hydra
 16651 | Lair:2   | Identified 2 scrolls of acquirement
 16655 | Lair:2   | Identified a +4 rod of destruction (11/11) (You acquired it on level 2 of the Lair of Beasts)
 16660 | Lair:2   | Identified a +4 rod of fiery destruction (12/12) (You acquired it on level 2 of the Lair of Beasts)
 16873 | Lair:6   | You fall through a shaft!
 17059 | Lair:6   | Upgraded the game from 0.14-a0-2746-g43b4f9c to 0.14-a0-2759-g5bb4bfe
 18962 | Lair:8   | Entered Level 8 of the Lair of Beasts
 19619 | Lair:8   | Noticed an acid blob
 19642 | Lair:8   | Found a staircase to the Slime Pits.
 19642 | Lair:8   | Noticed an acid blob
 19642 | Lair:8   | Noticed an acid blob
 19855 | Lair:8   | Reached skill level 5 in Dodging
 20299 | Lair:8   | Received a gift from Okawaru
 20356 | Lair:8   | Gained mutation: Your wings are large and strong. [gargoyle growth]
 20356 | Lair:8   | Reached XP level 14. HP: 88/94 MP: 27/27
 20456 | Lair:8   | Reached skill level 10 in Evocations
 21673 | D:10     | Noticed agentgt's ghost (experienced FoAK)
 21698 | D:10     | Killed agentgt's ghost
 21841 | D:10     | Killed a hill giant
 22103 | D:11     | Noticed a troll
 22111 | D:11     | Killed a troll
 22353 | D:11     | Gained mutation: Your vision is a little blurry. [mutagenic meat]
 22395 | D:11     | Found a staircase to the Orcish Mines.
 23092 | Orc:1    | Entered Level 1 of the Orcish Mines
 23093 | Orc:1    | Found Tritt's Gadget Shop.
 23429 | Orc:1    | Noticed Edmund
 23463 | Orc:1    | Killed Edmund
 24531 | Orc:3    | Found a staircase to the Elven Halls.
 24532 | Orc:3    | Found Dahovaw's Antique Armour Emporium.
 24539 | Orc:3    | Bought a bloodstained chain mail for 656 gold pieces
 24539 | Orc:3    | Bought a brightly glowing buckler for 307 gold pieces
 24558 | Orc:3    | Identified the cursed +1 chain mail of the Comet {Dex+4 Dam+5} (You bought it in a shop on level 3 of the Orcish Mines)
 24561 | Orc:3    | Identified the +1 buckler "Dycavvuh" {rElec SInv Stlth++} (You bought it in a shop on level 3 of the Orcish Mines)
 24591 | Orc:3    | Found a roughly hewn altar of Beogh.
 24674 | Orc:2    | Found a bloodstained altar of Trog.
 25025 | Orc:2    | Found Oddealin's Jewellery Shoppe.
 25028 | Orc:2    | Bought a cursed -3 ring of intelligence for 32 gold pieces
 25028 | Orc:2    | Bought an uncursed ring of see invisible for 240 gold pieces
 25092 | Orc:1    | Found Witiem's Book Emporium.
 25092 | Orc:1    | Found Fraxil's Armour Shoppe.
 25108 | Orc:1    | Bought the +0 cloak "Stakano" {rC+ rN+ Dam+2 SInv} for 404 gold pieces
 25850 | Orc:4    | Entered Level 4 of the Orcish Mines
 25850 | Orc:4    | Found a flickering gateway to a bazaar.
 25860 | Bazaar   | Entered a bazaar
 25883 | Bazaar   | Found Twieg's Book Shop.
 25885 | Bazaar   | Found Ucvarhas' Food Boutique.
 25942 | Bazaar   | Found Blaighaona's Book Boutique.
 25956 | Bazaar   | Found Stutyt's Magical Wand Shop.
 26572 | Orc:4    | Reached skill level 5 in Maces & Flails
 26585 | Orc:4    | Received a gift from Okawaru
 27086 | Orc:4    | Paralysed by an orc sorcerer for 3 turns
 27342 | Orc:4    | Found a roughly hewn altar of Beogh.
 27353 | Orc:4    | Found Plat's Food Shoppe.
 27353 | Orc:4    | Found Stujusmi's Book Shop.
 27382 | Orc:4    | Found Fohearic's Armour Shoppe.
 27382 | Orc:4    | Found Qeid's Antique Weapon Shop.
 27847 | Orc:4    | Bought a +1 cloak of preservation for 155 gold pieces
 27880 | Orc:4    | Noticed an orc warlord
 28157 | D:12     | Noticed Urug
 28163 | D:12     | Killed Urug
 28434 | D:12     | Found Qahahufiu's Jewellery Shop.
 28445 | D:12     | Bought the ring of the Sunfish {Hunger- rF+} for 409 gold pieces
 28495 | D:12     | Found a bloodstained altar of Trog.
 28546 | D:12     | Reached skill level 14 in Fighting
 28867 | D:13     | Found a bloodstained altar of Trog.
 28897 | D:13     | Noticed Badjas' ghost (powerful MiBe)
 28922 | D:13     | Killed Badjas' ghost
 28942 | D:13     | Reached XP level 15. HP: 98/101 MP: 21/29
 28984 | D:13     | Reached skill level 15 in Fighting
 29281 | D:13     | Gained mutation: You are clumsy. (Dex -2) [mutagenic meat]
 30112 | D:14     | Found a snail-covered altar of Cheibriados.
 30137 | D:14     | Received a gift from Okawaru
 30147 | D:14     | Got a pair of jewelled boots {god gift}
 30152 | D:14     | Identified the +3 pair of boots of Liarurir {Str+2 Int-4} (Okawaru gifted it to you on level 14 of the Dungeon)
 30661 | D:14     | Reached skill level 16 in Fighting
 30963 | D:14     | Noticed a tengu reaver
 30993 | D:14     | Killed a tengu reaver
 31278 | D:14     | Gained mutation: You heal slowly when monsters are visible. [mutagenic meat]
 31279 | D:14     | Lost mutation: You heal slowly when monsters are visible. [mutagenic meat]
 31280 | D:14     | Gained mutation: You can spit poison. [mutagenic meat]
 31281 | D:14     | Gained mutation: Your body is slowly deteriorating. [mutagenic meat]
 31284 | D:14     | Gained mutation: You are frail (-10% HP). [mutagenic meat]
 31997 | Lair:2   | Lost mutation: You are clumsy. (Dex -2) [potion of cure mutation]
 31997 | Lair:2   | Lost mutation: You are frail (-10% HP). [potion of cure mutation]
 31997 | Lair:2   | Lost mutation: Your body is slowly deteriorating. [potion of cure mutation]
 31997 | Lair:2   | Lost mutation: You have a pair of small horns on your head. [potion of cure mutation]
 31997 | Lair:2   | Lost mutation: You can spit poison. [potion of cure mutation]
 31997 | Lair:2   | Lost mutation: Your vision is a little blurry. [potion of cure mutation]
 32191 | D:15     | Entered Level 15 of the Dungeon
 32414 | D:15     | Reached skill level 10 in Maces & Flails
 32433 | D:15     | Received a gift from Okawaru
 32495 | D:15     | Noticed a fire giant
 32542 | D:15     | Killed a fire giant
 32542 | D:15     | Reached XP level 16. HP: 41/111 MP: 29/29
 33348 | D:15     | Found a gate to the Vaults.
 34710 | Lair:4   | Reached skill level 15 in Staves
 34713 | Spider:1 | Entered Level 1 of the Spider Nest
 35226 | Spider:1 | Got a faintly glowing trident
 35279 | Spider:1 | Identified the +5,+3 trident "Etyull" {freeze, +Rage rElec MR++ Str+2 Int+1} (You found it on level 1 of the Spider Nest)
 36234 | Spider:2 | Noticed Asterion
 36253 | Spider:2 | Noticed a spectral weapon
 36258 | Spider:2 | Killed Asterion
 36258 | Spider:2 | Received a gift from Okawaru
 36491 | Spider:2 | Noticed Donald
 36523 | Spider:2 | Killed Donald
 37132 | Spider:2 | Noticed Agnes
 37148 | Spider:2 | Killed Agnes
 37499 | Spider:2 | Got a transparent scale mail
 37537 | Spider:2 | Noticed Louise
 37571 | Spider:2 | Killed Louise
 37756 | Lair:2   | Identified the +5 scale mail of Conscience {Dex+3 Int+4} (You found it on level 2 of the Spider Nest)
 38440 | Spider:3 | Noticed Azrael
 38697 | Spider:3 | Reached skill level 17 in Staves
 38819 | Spider:3 | Noticed Arachne
 38864 | Spider:3 | Killed Arachne
 39444 | Lair:2   | Upgraded the game from 0.14-a0-2759-g5bb4bfe to 0.14-a0-2810-g474977d
 39720 | Spider:3 | Killed Azrael
 40007 | Spider:4 | Reached XP level 17. HP: 68/116 MP: 23/30
 40295 | Spider:4 | Reached skill level 18 in Staves
 40545 | Spider:4 | Noticed Snorg
 40567 | Spider:4 | Killed Snorg
 40620 | Spider:4 | Received a gift from Okawaru
 40821 | Spider:5 | Entered Level 5 of the Spider Nest
 41217 | Swamp:1  | Entered Level 1 of the Swamp
 41222 | Swamp:1  | Noticed Kirke
 41231 | Swamp:1  | Killed Kirke
 41857 | Swamp:1  | Reached skill level 19 in Staves
 41927 | Swamp:2  | Noticed Wiglaf
 41945 | Swamp:2  | Killed Wiglaf
 41945 | Swamp:2  | Received a gift from Okawaru
 41951 | Swamp:2  | Got a shimmering quarterstaff {god gift}
 41952 | Swamp:2  | Identified the +9,+0 quarterstaff of Okawaru's Wrath {crush, +Rage SInv} (Okawaru gifted it to you on level 2 of the Swamp)
 42596 | Swamp:2  | Noticed Aizul
 42629 | Swamp:2  | Killed Aizul
 42969 | Swamp:2  | Noticed Jorgrun
 42996 | Swamp:2  | Killed Jorgrun
 43317 | Swamp:3  | Reached skill level 20 in Staves
 43515 | Swamp:3  | Noticed a tentacled monstrosity
 44550 | D:15     | Found a white marble altar of Elyvilon.
 44693 | D:16     | Entered Level 16 of the Dungeon
 44874 | D:16     | Noticed Nergalle
 44907 | D:16     | Killed Nergalle
 45254 | D:16     | Received a gift from Okawaru
 45255 | D:16     | Noticed Roxanne
 45459 | D:16     | Noticed Nessos
 45489 | D:16     | Killed Nessos
 45764 | D:16     | Found a staircase to the Depths.
 45785 | D:16     | Reached XP level 18. HP: 112/121 MP: 28/31
 45923 | Depths:1 | Entered Level 1 of the Depths
 45980 | Depths:1 | Found a one-way gate to the infinite horrors of the Abyss.
 45997 | Depths:1 | Found a one-way gate leading to the halls of Pandemonium.
 46047 | Depths:1 | Found a gateway to Hell.
 46113 | Depths:1 | Found a deep blue altar of Sif Muna.
 46123 | Depths:1 | Got a smoking iron amulet
 46152 | D:16     | Identified a +0 rod of demonology (10/10) (You took it off a vampire mage on level 1 of the Depths)
 46757 | Swamp:2  | Reached skill level 21 in Staves
 47320 | Swamp:3  | Killed a tentacled monstrosity
 48619 | Spider:5 | Received a gift from Okawaru
 48659 | Spider:5 | Got a smoking longbow {god gift}
 49344 | Spider:5 | Got a gossamer rune of Zot
 50380 | Vaults:1 | Entered Level 1 of the Vaults
 50476 | Vaults:1 | Received a gift from Okawaru
 50486 | Vaults:1 | Got an encrusted ice dragon armour {god gift}
 50526 | Vaults:1 | Identified the +5 ice dragon armour "Gaqoaped" {rF- rC++ Int+3 Dam+5} (Okawaru gifted it to you on level 1 of the Vaults)
 50788 | Vaults:1 | Reached XP level 19. HP: 130/130 MP: 32/32
 51680 | Vaults:1 | Got an uncursed jewelled quarterstaff {drain}
 51933 | Lair:2   | Identified the +7,+1 quarterstaff of Qomet {drain, rPois Stlth-} (You took it off a yaktaur on level 1 of the Vaults)
 51934 | Lair:2   | Identified the +11,+1 longbow of the Extremes {frost, rPois rF+ Int+2} (Okawaru gifted it to you on level 5 of the Spider Nest)
 53473 | Vaults:2 | Received a gift from Okawaru
 53519 | Vaults:2 | Identified the amulet "Ocumyry" {Ward Dex-4 Int+4} (You took it off a vampire mage on level 1 of the Depths)
 54098 | Vaults:2 | Got an ancient flail
 54489 | Lair:2   | Identified the +3,+0 flail "Loaseirr" {holy, rF+} (You found it on level 2 of the Vaults)
 55525 | Vaults:3 | Found a staircase to the Crypt.
 55776 | Vaults:3 | Received a gift from Okawaru
 55839 | Vaults:3 | Reached XP level 20. HP: 116/139 MP: 31/33
 56608 | D:6      | Bought an uncursed ring of teleport control for 600 gold pieces
 56608 | D:6      | Bought an uncursed amulet of clarity for 240 gold pieces
 56608 | D:6      | Bought a cursed ring of teleportation for 198 gold pieces
 57452 | Depths:1 | Cast into the Abyss (ogre mage)
 57452 | Abyss:1  | Found a corrupted altar of Lugonu.
 58179 | Abyss:1  | Gained mutation: You have a fast metabolism. [a neqoxec]
 58210 | Abyss:1  | Noticed a profane servitor
 58222 | Abyss:1  | Killed a profane servitor
 58622 | Abyss:1  | Noticed a bone dragon
 58652 | Abyss:1  | Killed a bone dragon
 58652 | Abyss:1  | Received a gift from Okawaru
 58659 | Abyss:1  | Got a heavily runed helmet {god gift}
 58668 | Abyss:1  | Identified the +0 helmet of Untold Secrets {+Fly} (Okawaru gifted it to you on level 1 of the Abyss)
 58694 | Depths:1 | Escaped the Abyss
 59198 | Lair:2   | Gained mutation: You are dopey. (Int -2) [potion of mutation]
 59198 | Lair:2   | Gained mutation: Your flesh is cold resistant. [potion of mutation]
 59198 | Lair:2   | Gained mutation: You have a pair of small horns on your head. [potion of mutation]
 59199 | Lair:2   | Gained mutation: Your vision is a little blurry. [potion of mutation]
 59199 | Lair:2   | Gained mutation: Your body is slowly deteriorating. [potion of mutation]
 59199 | Lair:2   | Lost mutation: You have a pair of small horns on your head. [potion of mutation]
 59201 | Lair:2   | Lost mutation: You are dopey. (Int -2) [potion of cure mutation]
 59201 | Lair:2   | Lost mutation: You have a fast metabolism. [potion of cure mutation]
 59201 | Lair:2   | Lost mutation: Your vision is a little blurry. [potion of cure mutation]
 59201 | Lair:2   | Lost mutation: Your body is slowly deteriorating. [potion of cure mutation]
 59201 | Lair:2   | Lost mutation: Your flesh is cold resistant. [potion of cure mutation]
 59422 | Orc:4    | Killed an orc warlord
 59927 | Elf:1    | Entered Level 1 of the Elven Halls
 60357 | Elf:1    | Reached skill level 1 in Shields
 61320 | Elf:2    | Reached skill level 5 in Shields
 61376 | Elf:2    | Reached XP level 21. HP: 108/147 MP: 29/35
 61558 | Elf:2    | Noticed Norris
 61585 | Elf:2    | Killed Norris
 62672 | Elf:3    | Entered Level 3 of the Elven Halls
 62722 | Elf:3    | Found Dujas' Magic Scroll Boutique.
 62728 | Elf:3    | Bought a scroll of blinking for 99 gold pieces
 63946 | Elf:2    | Received a gift from Okawaru
 64387 | Elf:3    | Identified a +4 rod of destruction (14/14) (You took it off a deep elf sorcerer on level 3 of the Elven Halls)
 64426 | Elf:3    | Got a heavily runed copper ring
 64427 | Elf:3    | Identified the ring "Wiules" {Hunger Str-2 Int+3} (You took it off a deep elf sorcerer on level 3 of the Elven Halls)
 64666 | Elf:3    | Killed from afar by a deep elf sorcerer

Action                   |  1- 3 |  4- 6 |  7- 9 | 10-12 | 13-15 | 16-18 | 19-21 || total
-------------------------+-------+-------+-------+-------+-------+-------+-------++-------
Melee: Quarterstaff      |    94 |   187 |   392 |  1129 |  1584 |   615 |    48 ||  4049
       Hammer            |       |       |     7 |     5 |       |       |       ||    12
       Rod               |       |       |       |       |    23 |    21 |    13 ||    57
       Flail             |       |       |       |       |   233 |   145 |   537 ||   915
       Lajatang          |       |       |       |       |     3 |  1316 |  1081 ||  2400
       Unarmed           |       |       |       |       |       |     9 |       ||     9
 Fire: Bow               |       |       |     2 |    60 |    41 |       |       ||   103
Throw: Throwing net      |       |     2 |     2 |     1 |       |       |       ||     5
       Tomahawk          |       |       |       |     6 |     2 |       |       ||     8
Invok: Heroism           |       |       |       |     4 |    11 |    15 |    14 ||    44
       Finesse           |       |       |       |       |     5 |     9 |     2 ||    16
 Abil: Fly               |       |       |       |       |       |     4 |       ||     4
       Evoke Teleportati |       |       |       |       |       |       |     1 ||     1
       Evoke Teleport Co |       |       |       |       |       |       |     1 ||     1
Evoke: Wand              |       |       |     3 |    16 |    12 |    56 |     5 ||    92
       Rod               |       |       |       |       |    61 |    40 |    51 ||   152
       Fan of gales      |       |       |       |       |     2 |       |       ||     2
       Lamp of fire      |       |       |       |       |       |       |     2 ||     2
  Use: Scroll            |       |    10 |     7 |     8 |    27 |    23 |    18 ||    93
       Potion            |       |       |     1 |     6 |     4 |     4 |    18 ||    33
 Stab: Held in net/web   |       |     3 |       |       |       |       |       ||     3
       Confused          |       |       |     1 |     2 |     5 |     1 |       ||     9
       Petrifying        |       |       |     3 |     4 |     4 |     2 |       ||    13
       Petrified         |       |       |     1 |     4 |     3 |       |       ||     8
       Paralysed         |       |       |       |    26 |    26 |     9 |       ||    61
       Fleeing           |       |       |       |       |     1 |       |       ||     1
       Distracted        |       |       |       |       |       |       |     1 ||     1
